 Dungeon Crawl Stone Soup version 0.23-a0-286-gcae3914892 (webtiles) character file.

263 Henning the Shield-Bearer (level 6, -10/53 HPs)
             Began as a Gnoll Fighter on Oct 3, 2018.
             Killed by divine providence
             ... invoked by an orc priest
              (12 damage)
             ... on level 3 of the Dungeon.
             The game lasted 00:08:21 (1717 turns).

Henning the Shield-Bearer (Gnoll Fighter)           Turns: 1717, Time: 00:08:22

Health: -10/53     AC: 11    Str: 19    XL:     6   Next: 19%
Magic:  8/8        EV:  7    Int: 10    God:
Gold:   171        SH: 11    Dex: 16    Spells: 8/8 levels left

rFire    + . .     SeeInvis .   a - +0 flail
rCold    . . .     Gourm    .   c - +0 shield
rNeg     . . .     Faith    .   n - +0 chain mail
rPois    .         Spirit   .   t - +0 helmet (curse)
rElec    .         Reflect  .   (no cloak)
rCorr    .         Harm     .   (no gloves)
MR       .....                  (no boots)
Stlth    ..........             (no amulet)
HPRegen  0.17/turn              h - ring of protection from fire
MPRegen  0.11/turn              (no ring)

@: no status effects
A: distributed training, fangs 1, strong nose
a: no special abilities


You were on level 3 of the Dungeon.
You were not hungry.

You visited 1 branch of the dungeon, and saw 3 of its levels.
You also visited: Sewer.

You collected 171 gold pieces.

Inventory:

Hand Weapons
 a - a +0 flail (weapon)
Armour
 b - a +0 scale mail
 c - a +0 shield (worn)
 n - a +0 chain mail (worn)
 t - a cursed +0 helmet (worn)
Jewellery
 h - a ring of protection from fire (left hand)
Wands
 s - a wand of polymorph (14)
Scrolls
 e - 3 scrolls of remove curse {unknown}
 j - a scroll of blinking {unknown}
 k - 2 scrolls of enchant weapon {unknown}
 p - a scroll of identify {unknown}
Potions
 d - 2 potions of might
 g - 2 potions of heal wounds {unknown}
 i - a potion of haste {unknown}
 l - a potion of brilliance {unknown}
 m - a potion of lignification {unknown}
 q - 2 potions of flight {unknown}
 r - 2 potions of curing {unknown}
Comestibles
 f - 6 rations
 o - 4 chunks of flesh


   Skills:
 + Level 6.8 Fighting
 + Level 1.8 Short Blades
 + Level 1.8 Long Blades
 + Level 1.8 Axes
 + Level 4.9 Maces & Flails
 + Level 1.8 Polearms
 + Level 1.8 Staves
 + Level 1.8 Slings
 + Level 1.8 Bows
 + Level 1.8 Crossbows
 + Level 1.8 Throwing
 + Level 6.8 Armour
 + Level 1.8 Dodging
 + Level 1.8 Stealth
 + Level 6.8 Shields
 + Level 1.8 Unarmed Combat
 + Level 1.8 Spellcasting
 + Level 1.4 Conjurations
 + Level 1.4 Hexes
 + Level 1.4 Charms
 + Level 1.4 Summonings
 + Level 1.4 Necromancy
 + Level 1.4 Translocations
 + Level 1.4 Transmutations
 + Level 1.4 Fire Magic
 + Level 1.4 Ice Magic
 + Level 1.4 Air Magic
 + Level 1.4 Earth Magic
 + Level 1.4 Poison Magic
 + Level 2.0 Invocations
 + Level 1.8 Evocations


You had 8 spell levels left.
You didn't know any spells.
Your spell library contained the following spells:

 Spells                   Type           Power        Failure   Level  Hunger
 Flame Tongue             Conj/Fire      #....        99%         1    ##.....
 Summon Small Mammal      Summ           #...         99%         1    ##.....
 Call Imp                 Summ           #.......     100%        2    ###....
 Call Canine Familiar     Summ           #.......     100%        3    ####...
 Summon Guardian Golem    Hex/Summ       #.......     100%        3    ####...
 Cause Fear               Hex            #.........   100%        4    #####..
 Summon Ice Beast         Ice/Summ       #.......     100%        4    #####..
 Summon Lightning Spire   Summ/Air       #.......     100%        4    #####..
 Bolt of Fire             Conj/Fire      #.........   100%        6    #######
 Dragon Form              Tmut           #.........   100%        7    #######
 Dragon's Call            Summ           #.........   100%        9    #######


Dungeon Overview and Level Annotations

Branches:
Dungeon (3/15)

Altars:
Sif Muna
Trog


Innate Abilities, Weirdness & Mutations

Your experience applies equally to all skills.
You have very sharp teeth.
Your uncanny sense of smell can sniff out nearby items.


Message History

The orc completely misses you.
You barely miss the orc.
The orc is moderately wounded.
The orc hits you but does no damage.
You sock the orc!
You kill the orc!
The orc priest looks encouraged for a moment.
You barely miss the orc priest. You bite the orc priest.
The orc priest is lightly wounded.
The orc priest hits you but does no damage.
You barely miss the orc priest.
The orc priest is lightly wounded.
The orc priest calls down the wrath of Beogh upon you.
Beogh smites you!
* * * LOW HITPOINT WARNING * * *
You closely miss the orc priest.
The orc priest is lightly wounded.
The orc priest invokes the aid of Beogh against you.
Beogh smites you!
You die...

.......##..##
...........
......... $......
..... ... #o# ##.
#@# #.. #(# ...
#.# #.# #.# #.#
#.# #.# #.# #.#
#.# ######.# #.#
#......########.##


You could see an orc priest.

Vanquished Creatures
  A big kobold (Sewer)
  Robin (D:3)
  3 gnolls (D:2)
  A river rat (Sewer)
  5 adders
  An adder zombie (D:3)
  2 worms (D:2)
  4 orcs (D:3)
  5 bats
  5 giant cockroaches
  15 goblins
  11 hobgoblins
  5 jackals
  2 quokkas (D:2)
  3 frilled lizards
  9 kobolds
  10 rats
83 creatures vanquished.

Notes
Turn   | Place    | Note
-------+----------+-------------------------------------------
     0 | D:1      | Henning the Gnoll Fighter began the quest for the Orb.
     0 | D:1      | Reached XP level 1. HP: 23/23 MP: 1/1
   116 | D:1      | Reached XP level 2. HP: 28/29 MP: 2/2
   391 | D:2      | Reached XP level 3. HP: 35/35 MP: 3/3
   509 | D:2      | Reached skill level 1 in Invocations
   523 | D:2      | Found a deep blue altar of Sif Muna.
   572 | D:2      | Reached skill level 1 in Short Blades
   572 | D:2      | Reached skill level 1 in Long Blades
   572 | D:2      | Reached skill level 1 in Axes
   572 | D:2      | Reached skill level 1 in Polearms
   572 | D:2      | Reached skill level 1 in Staves
   572 | D:2      | Reached skill level 1 in Slings
   572 | D:2      | Reached skill level 1 in Bows
   572 | D:2      | Reached skill level 1 in Crossbows
   572 | D:2      | Reached skill level 1 in Throwing
   572 | D:2      | Reached skill level 1 in Dodging
   572 | D:2      | Reached skill level 1 in Stealth
   572 | D:2      | Reached skill level 1 in Unarmed Combat
   572 | D:2      | Reached skill level 1 in Spellcasting
   572 | D:2      | Reached skill level 1 in Evocations
   572 | D:2      | Reached XP level 4. HP: 15/41 MP: 5/5
  1173 | D:3      | Found a glowing drain.
  1187 | D:3      | Reached skill level 1 in Conjurations
  1187 | D:3      | Reached skill level 1 in Hexes
  1187 | D:3      | Reached skill level 1 in Charms
  1187 | D:3      | Reached skill level 1 in Summonings
  1187 | D:3      | Reached skill level 1 in Necromancy
  1187 | D:3      | Reached skill level 1 in Translocations
  1187 | D:3      | Reached skill level 1 in Transmutations
  1187 | D:3      | Reached skill level 1 in Fire Magic
  1187 | D:3      | Reached skill level 1 in Ice Magic
  1187 | D:3      | Reached skill level 1 in Air Magic
  1187 | D:3      | Reached skill level 1 in Earth Magic
  1187 | D:3      | Reached skill level 1 in Poison Magic
  1235 | Sewer    | Entered a sewer
  1247 | Sewer    | Reached XP level 5. HP: 47/47 MP: 6/6
  1302 | Sewer    | Noticed a big kobold
  1325 | Sewer    | Killed a big kobold
  1348 | Sewer    | Found a white marble altar of Elyvilon.
  1419 | D:3      | Noticed Robin
  1435 | D:3      | Killed Robin
  1454 | D:3      | Reached XP level 6. HP: 45/53 MP: 8/8
  1564 | D:3      | Found a bloodstained altar of Trog.
  1716 | D:3      | HP: 2/53 [orc priest/divine providence (14)]
  1717 | D:3      | Killed from afar by an orc priest

Vault maps used:
D:1:      sevenhm_arrival_forest_fort_large_4
D:2:      lemuel_blue_sif_altar, first_ration
D:3:      portal_sewer_entry_a, trog_three_pillars_becter, uniq_robin
Sewer:    sewer_kobolds

Skill      XL: |  1  2  3  4  5  6 |
---------------+-------------------+-----
Invocations    | 1 2 |  2.0
Short Blades   | 1 |  1.8
Long Blades    | 1 |  1.8
Axes           | 1 |  1.8
Polearms       | 1 |  1.8
Staves         | 1 |  1.8
Slings         | 1 |  1.8
Bows           | 1 |  1.8
Crossbows      | 1 |  1.8
Throwing       | 1 |  1.8
Dodging        | 1 |  1.8
Stealth        | 1 |  1.8
Unarmed Combat | 1 |  1.8
Spellcasting   | 1 |  1.8
Evocations     | 1 |  1.8
Conjurations   | 1 |  1.4
Hexes          | 1 |  1.4
Charms         | 1 |  1.4
Summonings     | 1 |  1.4
Necromancy     | 1 |  1.4
Translocations | 1 |  1.4
Transmutations | 1 |  1.4
Fire Magic     | 1 |  1.4
Ice Magic      | 1 |  1.4
Air Magic      | 1 |  1.4
Earth Magic    | 1 |  1.4
Poison Magic   | 1 |  1.4
Fighting       | |  6.8
Maces & Flails | |  4.9
Armour         | |  6.8
Shields        | |  6.8

Action                   |  1- 3 |  4- 6 || total
-------------------------+-------+-------++-------
Melee: Flail             |    75 |   180 ||   255
       Bite              |     6 |    23 ||    29
  Eat: Chunk             |       |     3 ||     3
Armor: Scale mail        |    21 |     4 ||    25
       Chain mail        |       |    69 ||    69
Dodge: Dodged            |    27 |    47 ||    74
Block: Shield            |    37 |   115 ||   152

Table legend:
 A = Non-vault XP
 B = Vault XP
 C = Vault XP percentage of total XP
 D = Non-vault monster count
 E = Vault monster count
 F = Vault count percentage of total count
                 A         B        C        D         E       F
            +---------+---------+-------+---------+---------+-------
      Total |     191 |     186 |  49.3 |      53 |      30 |  36.1
            +---------+---------+-------+---------+---------+-------
        D:1 |      30 |       0 |   0.0 |      19 |       0 |   0.0
        D:2 |      96 |       0 |   0.0 |      16 |       0 |   0.0
        D:3 |      65 |      59 |  47.6 |      18 |      18 |  50.0
      Sewer |       0 |     127 | 100.0 |       0 |      12 | 100.0
            +---------+---------+-------+---------+---------+-------
